Blues vs Rangers

Created - 21 janvier 2021 at 18:48

Goals
1 2 3 T
Blues 0 0 1 1
Rangers 2 3 2 7
Shots
1 2 3 T
Blues 12 8 11 31
Rangers 16 14 18 48

1st period

1. Rangers , Matt Duchene 8 (Eric Staal 14, Matt Niskanen 9) at 6:11
2. Rangers , Matt Duchene 9 (Kyle Connor 23, Brayden Schenn 19) at 9:59 (PP)

Penalties :
Morgan Rielly (STL) for Interference (Minor) at 9:48

2nd period

3. Rangers , Pierre-Edouard Bellemare 3 (Ron Hainsey 9, Jack Roslovic 6) at 2:28
4. Rangers , Brayden Schenn 13 (Kyle Connor 24, Matt Duchene 19) at 13:23 (PP)
5. Rangers , Jason Spezza 8 (Chandler Stephenson 6, Justin Williams 6) at 14:25

Penalties :
Nick Jensen (NYR) for Tripping (Minor) at 4:33, Matt Martin (STL) for Tripping (Minor) at 12:56, Jonathan Drouin (STL) for Tripping (Minor) at 15:44

3rd period

6. Blues , Michael Frolik 1 (Matt Martin 2, Christian Dvorak 14) at 4:51
7. Rangers , Erik Karlsson 1 (Chandler Stephenson 7, Adam Pelech 5) at 8:28
8. Rangers , Vinnie Hinostroza 4 (Nick Jensen 7, Pierre-Edouard Bellemare 5) at 17:57

Penalties :
Nazem Kadri (NYR) for Fighting (Major) at 0:09, Marc-Edouard Vlasic (STL) for Fighting (Major) at 0:09, Nazem Kadri (NYR) for instigated a fight (Minor) at 0:09, Nazem Kadri (NYR) for instigated a fight (10 Minutes Misconduct) at 0:09

Goalie Stats

Brian Elliott (STL), 41 saves from 48 shots - (0,854), L, 2-4-1, 60:00 minutes
Philipp Grubauer (NYR), 30 saves from 31 shots - (0,968), W, 15-6-3, 60:00 minutes

Players Stats for Blues

Player Name              G  A  P  +/- PIM S  H  SB GA TA FO     MP     PP MP  PK MP  
------------------------------------------------------------------------------------
Andy Greene              0  0  0  -1  0   1  1  3  0  0  0/0    25:48   2:25   1:35 
Anthony Cirelli          0  0  0  -1  0   0  2  0  0  2  10/23  20:36   2:15   1:04 
Christian Dvorak         0  1  1   0  0   10 0  0  0  0  5/17   17:13   0:03   0:00 
Colin White              0  0  0   0  0   0  0  0  0  0  0/0     1:31   0:00   0:00 
Curtis Lazar             0  0  0  -1  0   0  0  1  0  1  1/1    13:17   0:00   0:00 
Evander Kane             0  0  0  -1  0   2  4  1  2  2  0/3    17:47   2:15   0:00 
Evgeny Kuznetsov         0  0  0  -1  0   4  2  1  0  0  1/7    19:17   2:15   1:15 
Jeff Carter              0  0  0  -3  0   1  1  0  0  0  8/14   18:01   1:40   0:00 
Jonathan Drouin          0  0  0  -3  2   3  4  0  2  0  0/0    18:24   1:40   0:00 
Justin Faulk             0  0  0  -3  0   1  0  1  0  0  0/0    20:50   1:59   1:02 
MacKenzie Weegar         0  0  0   1  0   0  0  1  0  1  0/0    14:46   0:41   0:00 
Marc-Edouard Vlasic      0  0  0  -2  5   0  0  0  0  0  0/0    18:31   0:52   1:02 
Matt Martin              0  1  1   1  2   1  0  1  0  2  0/0     9:15   0:06   0:55 
Michael Frolik           1  0  1   1  0   2  0  0  1  0  0/0     9:21   0:00   1:06 
Morgan Rielly            0  0  0  -3  2   0  2  2  1  1  0/0    25:18   1:59   1:24 
Reilly Smith             0  0  0  -3  0   2  1  1  0  0  0/0    18:01   1:40   0:00 
Sean Walker              0  0  0   0  0   1  1  1  0  1  0/0    14:45   0:00   0:11 
Zach Sanford             0  0  0  -1  0   3  1  0  2  0  0/1    14:38   0:00   0:54 

Players Stats for Rangers

Player Name              G  A  P  +/- PIM S  H  SB GA TA FO     MP     PP MP  PK MP  
------------------------------------------------------------------------------------
Adam Pelech              0  1  1   0  0   3  1  1  0  2  0/0    22:34   0:00   2:43 
Anton Stralman           0  0  0   0  0   0  0  0  0  0  0/0     8:56   0:49   1:15 
Brayden Schenn           1  1  2  -1  0   3  3  0  0  0  1/1    20:08   1:42   0:49 
Chandler Stephenson      0  2  2   2  0   0  1  1  1  0  0/2    14:29   0:01   1:05 
Eric Staal               0  1  1   1  0   4  0  0  3  1  0/0    16:24   0:54   0:00 
Erik Karlsson            1  0  1   0  0   3  0  0  0  0  0/0    21:23   1:48   0:00 
Jack Roslovic            0  1  1   2  0   1  2  0  1  0  1/1     7:13   0:00   0:00 
Jason Spezza             1  0  1   2  0   2  0  0  1  0  0/3    13:16   0:00   0:00 
Justin Williams          0  1  1   1  0   1  1  0  0  0  1/1    16:06   0:54   0:00 
Kyle Connor              0  2  2  -1  0   10 0  0  1  0  0/3    20:08   1:42   0:49 
Matt Duchene             2  1  3   0  0   6  0  0  0  1  15/26  19:20   1:42   0:00 
Matt Niskanen            0  1  1   3  0   1  3  0  1  3  0/0    21:02   0:49   1:15 
Nazem Kadri              0  0  0   0  17  2  0  1  1  0  15/19  13:54   0:55   0:00 
Nick Jensen              0  1  1   1  2   2  1  0  0  1  0/0    14:28   0:00   0:00 
Oskar Sundqvist          0  0  0   2  0   5  1  0  1  0  2/2    15:28   0:01   2:04 
Pierre-Edouard Bellemare 1  1  2   2  0   2  1  0  0  0  6/8    11:10   0:00   2:04 
Rasmus Andersson         0  0  0   1  0   0  0  0  0  0  0/0     9:32   1:48   0:00 
Ron Hainsey              0  1  1   3  0   2  0  0  0  0  0/0    22:04   0:00   2:43 
Vinnie Hinostroza        1  0  1   2  0   1  0  0  0  0  0/0     8:25   0:00   1:05 

3 Stars

1 - Matt Duchene (NYR)
2 - Pierre-Edouard Bellemare (NYR)
3 - Philipp Grubauer (NYR)

Power Play

Blues - 0 on 2 Attempt(s) - 0,00%
Rangers - 2 on 3 Attempt(s) - 66,67%

Penalty Kill

Blues - 1 on 3 Attempt(s) - 33,33% - Score 0 goal in Penalty Kill
Rangers - 2 on 2 Attempt(s) - 100,00% - Score 0 goal in Penalty Kill

Team Stat

Blues - Hits : 19 - Faceoff Wins : 25 - Blocked Shots : 13 - Penalty Minutes : 11
Rangers - Hits : 14 - Faceoff Wins : 41 - Blocked Shots : 3 - Penalty Minutes : 19

Official

Referees : Francis Charron and Jon McIsaac
Linesman : Steven Berry and Devin Berg

Game Notes

Colin White is injured at 12:29 of 1st period (Head)
Nazem Kadri beats up Marc-Edouard Vlasic at 0:09 of 3rd period
6:52 of 3rd period - Blues goal is going for a video replay. After video review, No Goal. The goalkeeper has been pushed into the net together with the puck after making a save.

Finance

Level 1 -- Attendance: 4345 (72,42%) -- Ticket Income 434 500 $
Level 2 -- Attendance: 4919 (98,38%) -- Ticket Income 295 140 $
Level 3 -- Attendance: 1815 (90,75%) -- Ticket Income 63 525 $
Level 4 -- Attendance: 4000 (100,00%) -- Ticket Income 80 000 $
Luxury Box -- Attendance: 738 (73,80%) -- Ticket Income 147 600 $
Game was played at the Blue Shirt Stadium.
Total Attendance: 15817 (87,87%)
Total Ticket Income: 1 020 765 $
Other Income: 500 175 $
Total Income: 1 520 940 $

Blues

5 vs 5 Forward 
   Center                   Left Wing                Right Wing               Time % Phy DF OF 
 1 Anthony Cirelli          Evander Kane             Evgeny Kuznetsov         30     0   1  4  
 2 Jeff Carter              Reilly Smith             Jonathan Drouin          30     0   1  4  
 3 Christian Dvorak         Zach Sanford             Curtis Lazar             25     0   1  4  
 4 Colin White              Michael Frolik           Matt Martin              15     0   1  4  

5 vs 5 Defense 
   Defense                  Defense                                           Time % Phy DF OF 
 1 Morgan Rielly            Justin Faulk                                      33     1   2  2  
 2 Marc-Edouard Vlasic      Andy Greene                                       32     1   2  2  
 3 MacKenzie Weegar         Sean Walker                                       25     1   2  2  
 4 Morgan Rielly            Andy Greene                                       10     1   2  2  

PowerPlay Forward 
   Center                   Left Wing                Right Wing               Time % Phy DF OF 
 1 Evgeny Kuznetsov         Evander Kane             Anthony Cirelli          60     0   0  5  
 2 Jeff Carter              Reilly Smith             Jonathan Drouin          40     0   0  5  

PowerPlay Defense
   Defense                  Defense                                           Time % Phy DF OF 
 1 Morgan Rielly            Andy Greene                                       60     0   1  4  
 2 Marc-Edouard Vlasic      Justin Faulk                                      40     0   1  4  

Penalty Kill 4 Players Forward 
   Center                   Wing                     Time % Phy DF OF 
 1 Evgeny Kuznetsov         Matt Martin              50     1   4  0  
 2 Anthony Cirelli          Michael Frolik           50     1   4  0  

Penalty Kill 4 Players Defense
   Defense                  Defense                  Time % Phy DF OF 
 1 Morgan Rielly            Andy Greene              60     1   4  0  
 2 Marc-Edouard Vlasic      Justin Faulk             40     1   4  0  

Penalty Kill - 3 Players Forward 
   Forward                                           Time % Phy DF OF 
 1 Jeff Carter                                       60     1   4  0  
 2 Curtis Lazar                                      40     1   4  0  

Penalty Kill - 3 Players Defense
   Defense                  Defense                  Time % Phy DF OF 
 1 Morgan Rielly            Andy Greene              60     1   4  0  
 2 Marc-Edouard Vlasic      Justin Faulk             40     1   4  0  

4 vs 4 Forward 
   Center                   Wing                     Time % Phy DF OF 
 1 Evander Kane             Evgeny Kuznetsov         60     1   2  2  
 2 Anthony Cirelli          Reilly Smith             40     1   2  2  

4 vs 4 Defense
   Defense                  Defense                  Time % Phy DF OF 
 1 Morgan Rielly            Andy Greene              60     1   2  2  
 2 Marc-Edouard Vlasic      Justin Faulk             40     1   2  2  

Last Minutes Offensive
   Center                   Left Wing                Right Wing               Defense                  Defense                  
   Evgeny Kuznetsov         Evander Kane             Anthony Cirelli          Morgan Rielly            Andy Greene              

Last Minutes Defensive
   Center                   Left Wing                Right Wing               Defense                  Defense                  
   Evgeny Kuznetsov         Evander Kane             Anthony Cirelli          Morgan Rielly            Andy Greene              

Goaltenders
Starting : Brian Elliott            
Backup : Jonathan Quick           

Extra Forwards
Normal : Matt Martin, Christian Dvorak, Zach Sanford - PP : Matt Martin, Christian Dvorak - PK : Zach Sanford
Extra Defensemen
Normal : MacKenzie Weegar, Sean Walker, Marc-Edouard Vlasic - PP : MacKenzie Weegar - PK : Sean Walker, Marc-Edouard Vlasic
Penalty Shots
Evander Kane, Evgeny Kuznetsov, Anthony Cirelli, Reilly Smith, Jeff Carter
Custom OT Lines Forwards
Evander Kane, Evgeny Kuznetsov, Anthony Cirelli, Reilly Smith, Jeff Carter, Christian Dvorak, Jonathan Drouin, Zach Sanford, Colin White, Michael Frolik
Custom OT Lines Defensemen
Morgan Rielly, Andy Greene, Marc-Edouard Vlasic, Justin Faulk, MacKenzie Weegar

Scratches
Melker Karlsson (Healthy), Mike Reilly (Healthy), Ryan Reaves (Healthy)

Rangers

5 vs 5 Forward 
   Center                   Left Wing                Right Wing               Time % Phy DF OF 
 1 Nazem Kadri              Kyle Connor              Brayden Schenn           35     0   1  4  
 2 Matt Duchene             Eric Staal               Justin Williams          32     0   2  3  
 3 Jason Spezza             Chandler Stephenson      Oskar Sundqvist          23     0   2  3  
 4 Pierre-Edouard Bellemare Vinnie Hinostroza        Jack Roslovic            10     0   4  1  

5 vs 5 Defense 
   Defense                  Defense                                           Time % Phy DF OF 
 1 Erik Karlsson            Adam Pelech                                       37     1   2  2  
 2 Matt Niskanen            Ron Hainsey                                       35     1   2  2  
 3 Rasmus Andersson         Nick Jensen                                       14     0   3  2  
 4 Nick Jensen              Anton Stralman                                    14     1   2  2  

PowerPlay Forward 
   Center                   Left Wing                Right Wing               Time % Phy DF OF 
 1 Matt Duchene             Kyle Connor              Brayden Schenn           60     0   1  4  
 2 Nazem Kadri              Eric Staal               Justin Williams          40     0   1  4  

PowerPlay Defense
   Defense                  Defense                                           Time % Phy DF OF 
 1 Erik Karlsson            Rasmus Andersson                                  60     0   1  4  
 2 Matt Niskanen            Anton Stralman                                    40     0   1  4  

Penalty Kill 4 Players Forward 
   Center                   Wing                     Time % Phy DF OF 
 1 Pierre-Edouard Bellemare Oskar Sundqvist          60     0   5  0  
 2 Chandler Stephenson      Vinnie Hinostroza        40     0   5  0  

Penalty Kill 4 Players Defense
   Defense                  Defense                  Time % Phy DF OF 
 1 Adam Pelech              Ron Hainsey              60     0   5  0  
 2 Matt Niskanen            Anton Stralman           40     0   5  0  

Penalty Kill - 3 Players Forward 
   Forward                                           Time % Phy DF OF 
 1 Pierre-Edouard Bellemare                          60     0   5  0  
 2 Oskar Sundqvist                                   40     0   5  0  

Penalty Kill - 3 Players Defense
   Defense                  Defense                  Time % Phy DF OF 
 1 Adam Pelech              Ron Hainsey              60     0   5  0  
 2 Matt Niskanen            Anton Stralman           40     0   5  0  

4 vs 4 Forward 
   Center                   Wing                     Time % Phy DF OF 
 1 Matt Duchene             Kyle Connor              60     0   2  3  
 2 Eric Staal               Oskar Sundqvist          40     0   2  3  

4 vs 4 Defense
   Defense                  Defense                  Time % Phy DF OF 
 1 Ron Hainsey              Adam Pelech              60     0   2  3  
 2 Matt Niskanen            Rasmus Andersson         40     0   2  3  

Last Minutes Offensive
   Center                   Left Wing                Right Wing               Defense                  Defense                  
   Eric Staal               Kyle Connor              Brayden Schenn           Matt Niskanen            Erik Karlsson            

Last Minutes Defensive
   Center                   Left Wing                Right Wing               Defense                  Defense                  
   Pierre-Edouard Bellemare Chandler Stephenson      Oskar Sundqvist          Ron Hainsey              Adam Pelech              

Goaltenders
Starting : Philipp Grubauer         
Backup : Alexandar Georgiev       

Extra Forwards
Normal : Matt Duchene, Eric Staal, Kyle Connor - PP : Chandler Stephenson, Oskar Sundqvist - PK : Pierre-Edouard Bellemare
Extra Defensemen
Normal : Matt Niskanen, Adam Pelech, Erik Karlsson - PP : Matt Niskanen - PK : Anton Stralman, Ron Hainsey
Penalty Shots
Kyle Connor, Jason Spezza, Nazem Kadri, Justin Williams, Vinnie Hinostroza
Custom OT Lines Forwards
Eric Staal, Kyle Connor, Brayden Schenn, Jason Spezza, Matt Duchene, Justin Williams, Pierre-Edouard Bellemare, Chandler Stephenson, Oskar Sundqvist, Jack Roslovic
Custom OT Lines Defensemen
Erik Karlsson, Adam Pelech, Matt Niskanen, Ron Hainsey, Anton Stralman

Scratches
Anthony Bitetto (Healthy)

% Time on Ice - Blues

Lines # - Real PCT - Wanted PCT - Time Play
Normal Forward
1 - 29% - 30% - 15:32
2 - 31% - 30% - 16:21
3 - 25% - 25% - 13:17
4 - 15% - 15% - 8:15
Normal Defense
1 - 34% - 33% - 18:17
2 - 33% - 32% - 17:53
3 - 25% - 25% - 13:36
4 - 7% - 10% - 3:39
PP Forward
1 - 58% - 60% - 2:18
2 - 42% - 40% - 1:40
PP Defense
1 - 50% - 60% - 1:59
2 - 50% - 40% - 1:59
PK Forward
1 - 52% - 50% - 1:22
2 - 48% - 50% - 1:15
PK Defense
1 - 61% - 60% - 1:35
2 - 39% - 40% - 1:02
PK3 Forward
1 - 0% - 60%
2 - 0% - 40%
PK3 Defense
1 - 0% - 60%
2 - 0% - 40%
44 Forward
1 - 0% - 60%
2 - 0% - 40%
44 Defense
1 - 0% - 60%
2 - 0% - 40%
Last Minute Offensive  - 0:00
Last Minute Defensive  - 0:00
Total
Forward - 60:00
Defense - 60:00

% Time on Ice - Rangers

Lines # - Real PCT - Wanted PCT - Time Play
Normal Forward
1 - 33% - 35% - 17:37
2 - 29% - 32% - 15:19
3 - 25% - 23% - 13:16
4 - 14% - 10% - 7:13
Normal Defense
1 - 37% - 37% - 19:58
2 - 36% - 35% - 18:58
3 - 14% - 14% - 7:37
4 - 13% - 14% - 6:52
PP Forward
1 - 65% - 60% - 1:42
2 - 35% - 40% - 0:55
PP Defense
1 - 69% - 60% - 1:48
2 - 31% - 40% - 0:49
PK Forward
1 - 73% - 60% - 2:53
2 - 27% - 40% - 1:05
PK Defense
1 - 68% - 60% - 2:43
2 - 32% - 40% - 1:15
PK3 Forward
1 - 0% - 60%
2 - 0% - 40%
PK3 Defense
1 - 0% - 60%
2 - 0% - 40%
44 Forward
1 - 0% - 60%
2 - 0% - 40%
44 Defense
1 - 0% - 60%
2 - 0% - 40%
Last Minute Offensive  - 0:00
Last Minute Defensive  - 0:00
Total
Forward - 60:00
Defense - 60:00

Play-by-Play

1st period


0:01 of 1st period - Nazem Kadri wins face-off versus Anthony Cirelli in neutral zone.
0:26 of 1st period - Erik Karlsson is hit by Jonathan Drouin and loses puck.
1:58 of 1st period - Slapshot by Eric Staal.
1:58 of 1st period - Stopped by Brian Elliott without a rebound.
1:59 of 1st period - Christian Dvorak wins face-off versus Chandler Stephenson in Blues zone.
2:13 of 1st period - Wrist shot by Christian Dvorak.
2:13 of 1st period - Stopped by Philipp Grubauer without a rebound.
2:14 of 1st period - Matt Duchene wins face-off versus Jeff Carter in Rangers zone.
2:23 of 1st period - Wrist shot by Eric Staal.
2:23 of 1st period - Stopped by Brian Elliott with a rebound.
2:25 of 1st period - Slapshot by Anton Stralman.
2:25 of 1st period - Shot Blocked by Andy Greene.
2:27 of 1st period - Wrist shot by Matt Duchene.
2:27 of 1st period - Stopped by Brian Elliott with a rebound.
2:29 of 1st period - Snap shot by Matt Duchene.
2:29 of 1st period - Shot Misses the Net.
2:39 of 1st period - Kyle Connor is hit by Zach Sanford and loses puck.
2:46 of 1st period - Snap shot by Zach Sanford.
2:46 of 1st period - Stopped by Philipp Grubauer with a rebound.
2:48 of 1st period - Wrist shot by MacKenzie Weegar.
2:48 of 1st period - Shot Misses the Net.
3:12 of 1st period - Sean Walker is hit by Oskar Sundqvist and loses puck.
4:31 of 1st period - Off-side.
4:32 of 1st period - Jeff Carter wins face-off versus Matt Duchene in neutral zone.
4:35 of 1st period - Adam Pelech is hit by Jonathan Drouin and loses puck.
5:06 of 1st period - Wrist shot by Kyle Connor.
5:06 of 1st period - Stopped by Brian Elliott with a rebound.
6:11 of 1st period - Wrist shot by Matt Duchene.
6:11 of 1st period - Goal by Matt Duchene - Blues : 0 - Rangers : 1.
6:12 of 1st period - Nazem Kadri wins face-off versus Evander Kane in neutral zone.
6:47 of 1st period - Snap shot by Eric Staal.
6:47 of 1st period - Deflect By Reilly Smith.
6:47 of 1st period - Shot Blocked by Morgan Rielly.
6:47 of 1st period - Puck is out of play.
6:48 of 1st period - Christian Dvorak wins face-off versus Matt Duchene in Blues zone.
7:24 of 1st period - Backhand shot by Kyle Connor.
7:24 of 1st period - Shot Blocked by Reilly Smith.
7:39 of 1st period - Off-side.
7:40 of 1st period - Oskar Sundqvist wins face-off versus Anthony Cirelli in neutral zone.
8:19 of 1st period - Snap shot by Evgeny Kuznetsov.
8:19 of 1st period - Stopped by Philipp Grubauer with a rebound.
8:29 of 1st period - Adam Pelech is hit by Evander Kane and loses puck.
8:36 of 1st period - Anthony Cirelli is hit by Adam Pelech and loses puck.
8:47 of 1st period - Backhand shot by Oskar Sundqvist.
8:47 of 1st period - Stopped by Brian Elliott with a rebound.
8:49 of 1st period - Snap shot by Oskar Sundqvist.
8:49 of 1st period - Stopped by Brian Elliott with a rebound.
9:17 of 1st period - Slapshot by Chandler Stephenson.
9:17 of 1st period - Deflect By Oskar Sundqvist.
9:17 of 1st period - Stopped by Brian Elliott with a rebound.
9:33 of 1st period - Slapshot by Erik Karlsson.
9:33 of 1st period - Stopped by Brian Elliott without a rebound.
9:34 of 1st period - Nazem Kadri wins face-off versus Christian Dvorak in Blues zone.
9:45 of 1st period - Wrist shot by Nazem Kadri.
9:45 of 1st period - Deflect By Andy Greene.
9:45 of 1st period - Stopped by Brian Elliott without a rebound.
9:46 of 1st period - Jeff Carter wins face-off versus Nazem Kadri in Blues zone.
9:48 of 1st period - Minor Penalty to Morgan Rielly for Interference.
9:49 of 1st period - Brayden Schenn wins face-off versus Zach Sanford in Blues zone.
9:59 of 1st period - Wrist shot by Matt Duchene.
9:59 of 1st period - Goal by Matt Duchene - Blues : 0 - Rangers : 2.
10:00 of 1st period - Jeff Carter wins face-off versus Matt Duchene in neutral zone.
10:07 of 1st period - Wrist shot by Jonathan Drouin.
10:07 of 1st period - Shot Misses the Net.
10:09 of 1st period - Slapshot by Justin Faulk.
10:09 of 1st period - Deflect By Reilly Smith.
10:09 of 1st period - Stopped by Philipp Grubauer with a rebound.
10:15 of 1st period - Slapshot by Jonathan Drouin.
10:15 of 1st period - Shot Misses the Net.
10:25 of 1st period - Curtis Lazar is hit by Matt Niskanen and loses puck.
11:30 of 1st period - Slapshot by Kyle Connor.
11:30 of 1st period - Stopped by Brian Elliott with a rebound.
11:34 of 1st period - Wrist shot by Nazem Kadri.
11:34 of 1st period - Shot Blocked by Andy Greene.
11:36 of 1st period - Slapshot by Adam Pelech.
11:36 of 1st period - Stopped by Brian Elliott with a rebound.
12:28 of 1st period - Colin White is hit by Chandler Stephenson and loses puck.
12:29 of 1st period - Colin White from Blues is injured at 12:29 of 1st period (Head).
12:30 of 1st period - Nazem Kadri wins face-off versus Christian Dvorak in Blues zone.
12:35 of 1st period - Snap shot by Nazem Kadri.
12:35 of 1st period - Deflect By Kyle Connor.
12:35 of 1st period - Shot Misses the Net.
12:35 of 1st period - Puck is out of play.
12:36 of 1st period - Nazem Kadri wins face-off versus Christian Dvorak in Blues zone.
12:43 of 1st period - Wrist shot by Nazem Kadri.
12:43 of 1st period - Stopped by Brian Elliott with a rebound.
12:45 of 1st period - Wrist shot by Kyle Connor.
12:45 of 1st period - Shot Misses the Net.
13:12 of 1st period - Snap shot by Nazem Kadri.
13:12 of 1st period - Shot Misses the Net.
13:25 of 1st period - Off-side.
13:26 of 1st period - Matt Duchene wins face-off versus Anthony Cirelli in neutral zone.
13:37 of 1st period - Snap shot by Anthony Cirelli.
13:37 of 1st period - Deflect By Matt Martin.
13:37 of 1st period - Shot Misses the Net.
13:37 of 1st period - Puck is out of play.
13:38 of 1st period - Jeff Carter wins face-off versus Matt Duchene in Rangers zone.
13:47 of 1st period - Slapshot by Jonathan Drouin.
13:47 of 1st period - Shot Misses the Net.
13:53 of 1st period - Jeff Carter is hit by Justin Williams and loses puck.
14:04 of 1st period - Reilly Smith is hit by Matt Niskanen.
14:08 of 1st period - Wrist shot by Reilly Smith.
14:08 of 1st period - Shot Misses the Net.
14:28 of 1st period - Justin Faulk is hit by Nick Jensen.
14:34 of 1st period - Icing by Nick Jensen.
14:35 of 1st period - Nazem Kadri wins face-off versus Christian Dvorak in Rangers zone.
14:44 of 1st period - Wrist shot by Christian Dvorak.
14:44 of 1st period - Shot Misses the Net.
14:46 of 1st period - Snap shot by Michael Frolik.
14:46 of 1st period - Shot Misses the Net.
14:48 of 1st period - Wrist shot by Matt Martin.
14:48 of 1st period - Shot Blocked by Adam Pelech.
14:50 of 1st period - Slapshot by Matt Martin.
14:50 of 1st period - Deflect By Kyle Connor.
14:50 of 1st period - Shot Blocked by Nazem Kadri.
14:50 of 1st period - Puck is out of play.
14:51 of 1st period - Anthony Cirelli wins face-off versus Matt Duchene in Rangers zone.
14:54 of 1st period - Snap shot by Evander Kane.
14:54 of 1st period - Stopped by Philipp Grubauer without a rebound.
14:55 of 1st period - Anthony Cirelli wins face-off versus Matt Duchene in Rangers zone.
15:06 of 1st period - Slapshot by Evgeny Kuznetsov.
15:06 of 1st period - Stopped by Philipp Grubauer without a rebound.
15:07 of 1st period - Matt Duchene wins face-off versus Christian Dvorak in Rangers zone.
15:14 of 1st period - Slapshot by Zach Sanford.
15:14 of 1st period - Shot Misses the Net.
15:16 of 1st period - Wrist shot by Andy Greene.
15:16 of 1st period - Shot Misses the Net.
15:18 of 1st period - Snap shot by Zach Sanford.
15:18 of 1st period - Stopped by Philipp Grubauer without a rebound.
15:19 of 1st period - Justin Williams wins face-off versus Christian Dvorak in Rangers zone.
15:49 of 1st period - Slapshot by Kyle Connor.
15:49 of 1st period - Shot Blocked by Morgan Rielly.
15:55 of 1st period - Adam Pelech is hit by Morgan Rielly and loses puck.
16:56 of 1st period - Snap shot by Eric Staal.
16:56 of 1st period - Stopped by Brian Elliott without a rebound.
16:57 of 1st period - Matt Duchene wins face-off versus Jeff Carter in Blues zone.
17:00 of 1st period - Wrist shot by Eric Staal.
17:00 of 1st period - Shot Misses the Net.
18:00 of 1st period - Slapshot by Jonathan Drouin.
18:00 of 1st period - Stopped by Philipp Grubauer with a rebound.
18:02 of 1st period - Slapshot by Sean Walker.
18:02 of 1st period - Stopped by Philipp Grubauer with a rebound.
18:06 of 1st period - Snap shot by Jonathan Drouin.
18:06 of 1st period - Deflect By Justin Williams.
18:06 of 1st period - Stopped by Philipp Grubauer with a rebound.
18:10 of 1st period - Slapshot by Jeff Carter.
18:10 of 1st period - Stopped by Philipp Grubauer with a rebound.
18:16 of 1st period - Snap shot by Reilly Smith.
18:16 of 1st period - Stopped by Philipp Grubauer with a rebound.
18:18 of 1st period - Slapshot by MacKenzie Weegar.
18:18 of 1st period - Shot Misses the Net.
18:20 of 1st period - Backhand shot by MacKenzie Weegar.
18:20 of 1st period - Shot Misses the Net.
18:52 of 1st period - Snap shot by Matt Duchene.
18:52 of 1st period - Stopped by Brian Elliott without a rebound.
18:53 of 1st period - Nazem Kadri wins face-off versus Anthony Cirelli in Blues zone.
18:56 of 1st period - Snap shot by Brayden Schenn.
18:56 of 1st period - Shot Misses the Net.
19:04 of 1st period - Nazem Kadri is hit by Evander Kane.
19:45 of 1st period - Marc-Edouard Vlasic is hit by Pierre-Edouard Bellemare and loses puck.
Goals for this period are 0 for Blues vs 2 for Rangers.
Shots for this period are 12 for Blues vs 16 for Rangers.

2nd period


0:01 of 2nd period - Nazem Kadri wins face-off versus Evgeny Kuznetsov in neutral zone.
2:24 of 2nd period - Snap shot by Jack Roslovic.
2:24 of 2nd period - Shot Blocked by Evgeny Kuznetsov.
2:26 of 2nd period - Snap shot by Ron Hainsey.
2:26 of 2nd period - Shot Blocked by Evander Kane.
2:28 of 2nd period - Snap shot by Pierre-Edouard Bellemare.
2:28 of 2nd period - Goal by Pierre-Edouard Bellemare - Blues : 0 - Rangers : 3.
2:29 of 2nd period - Nazem Kadri wins face-off versus Anthony Cirelli in neutral zone.
2:32 of 2nd period - Wrist shot by Kyle Connor.
2:32 of 2nd period - Stopped by Brian Elliott without a rebound.
2:33 of 2nd period - Nazem Kadri wins face-off versus Evgeny Kuznetsov in Blues zone.
2:42 of 2nd period - Snap shot by Kyle Connor.
2:42 of 2nd period - Stopped by Brian Elliott with a rebound.
3:08 of 2nd period - Slapshot by Kyle Connor.
3:08 of 2nd period - Deflect By Nazem Kadri.
3:08 of 2nd period - Shot Blocked by Matt Martin.
3:08 of 2nd period - Puck is out of play.
3:09 of 2nd period - Christian Dvorak wins face-off versus Matt Duchene in Blues zone.
3:34 of 2nd period - Jason Spezza is hit by Evander Kane and loses puck.
3:59 of 2nd period - Off-side.
4:00 of 2nd period - Nazem Kadri wins face-off versus Christian Dvorak in neutral zone.
4:25 of 2nd period - Anthony Cirelli is hit by Matt Niskanen and loses puck.
4:33 of 2nd period - Minor Penalty to Nick Jensen for Tripping.
4:34 of 2nd period - Pierre-Edouard Bellemare wins face-off versus Evgeny Kuznetsov in Rangers zone.
4:44 of 2nd period - Wrist shot by Oskar Sundqvist.
4:44 of 2nd period - Stopped by Brian Elliott without a rebound.
4:45 of 2nd period - Pierre-Edouard Bellemare wins face-off versus Evander Kane in Blues zone.
5:46 of 2nd period - Snap shot by Kyle Connor.
5:46 of 2nd period - Stopped by Brian Elliott with a rebound.
6:33 of 2nd period - Penalty to Nick Jensen is over, Nick Jensen is back on ice.
6:46 of 2nd period - Snap shot by Curtis Lazar.
6:46 of 2nd period - Shot Misses the Net.
6:48 of 2nd period - Snap shot by Christian Dvorak.
6:48 of 2nd period - Stopped by Philipp Grubauer without a rebound.
6:49 of 2nd period - Christian Dvorak wins face-off versus Nazem Kadri in Rangers zone.
7:06 of 2nd period - Sean Walker is hit by Brayden Schenn and loses puck.
7:37 of 2nd period - Oskar Sundqvist is hit by Anthony Cirelli and loses puck.
7:56 of 2nd period - Christian Dvorak is hit by Jack Roslovic and loses puck.
8:56 of 2nd period - Snap shot by Christian Dvorak.
8:56 of 2nd period - Stopped by Philipp Grubauer with a rebound.
8:58 of 2nd period - Slapshot by Morgan Rielly.
8:58 of 2nd period - Shot Blocked by Chandler Stephenson.
9:00 of 2nd period - Wrist shot by Christian Dvorak.
9:00 of 2nd period - Stopped by Philipp Grubauer with a rebound.
9:02 of 2nd period - Snap shot by Christian Dvorak.
9:02 of 2nd period - Shot Misses the Net.
9:26 of 2nd period - Wrist shot by Oskar Sundqvist.
9:26 of 2nd period - Stopped by Brian Elliott with a rebound.
9:40 of 2nd period - Snap shot by Oskar Sundqvist.
9:40 of 2nd period - Deflect By Jason Spezza.
9:40 of 2nd period - Stopped by Brian Elliott without a rebound.
9:41 of 2nd period - Anthony Cirelli wins face-off versus Nazem Kadri in Blues zone.
10:35 of 2nd period - Wrist shot by Michael Frolik.
10:35 of 2nd period - Stopped by Philipp Grubauer with a rebound.
10:57 of 2nd period - Kyle Connor is hit by Jonathan Drouin.
12:14 of 2nd period - Snap shot by Pierre-Edouard Bellemare.
12:14 of 2nd period - Stopped by Brian Elliott without a rebound.
12:15 of 2nd period - Anthony Cirelli wins face-off versus Pierre-Edouard Bellemare in Blues zone.
12:56 of 2nd period - Minor Penalty to Matt Martin for Tripping.
12:57 of 2nd period - Evgeny Kuznetsov wins face-off versus Matt Duchene in Blues zone.
13:09 of 2nd period - Snap shot by Matt Duchene.
13:09 of 2nd period - Deflect By Kyle Connor.
13:09 of 2nd period - Stopped by Brian Elliott with a rebound.
13:11 of 2nd period - Backhand shot by Rasmus Andersson.
13:11 of 2nd period - Deflect By Kyle Connor.
13:11 of 2nd period - Stopped by Brian Elliott without a rebound.
13:12 of 2nd period - Anthony Cirelli wins face-off versus Kyle Connor in Blues zone.
13:23 of 2nd period - Snap shot by Brayden Schenn.
13:23 of 2nd period - Goal by Brayden Schenn - Blues : 0 - Rangers : 4.
13:24 of 2nd period - Nazem Kadri wins face-off versus Anthony Cirelli in neutral zone.
13:36 of 2nd period - Snap shot by Evgeny Kuznetsov.
13:36 of 2nd period - Stopped by Philipp Grubauer without a rebound.
13:37 of 2nd period - Anthony Cirelli wins face-off versus Nazem Kadri in Rangers zone.
13:38 of 2nd period - Wrist shot by Evgeny Kuznetsov.
13:38 of 2nd period - Stopped by Philipp Grubauer with a rebound.
14:04 of 2nd period - Matt Duchene is hit by Reilly Smith and loses puck.
14:25 of 2nd period - Snap shot by Jason Spezza.
14:25 of 2nd period - Goal by Jason Spezza - Blues : 0 - Rangers : 5.
14:26 of 2nd period - Jeff Carter wins face-off versus Kyle Connor in neutral zone.
14:37 of 2nd period - Wrist shot by Brayden Schenn.
14:37 of 2nd period - Shot Misses the Net.
14:39 of 2nd period - Slapshot by Nazem Kadri.
14:39 of 2nd period - Shot Misses the Net.
14:41 of 2nd period - Wrist shot by Kyle Connor.
14:41 of 2nd period - Stopped by Brian Elliott with a rebound.
14:43 of 2nd period - Slapshot by Brayden Schenn.
14:43 of 2nd period - Stopped by Brian Elliott with a rebound.
14:53 of 2nd period - Matt Duchene is hit by Anthony Cirelli and loses puck.
15:24 of 2nd period - Snap shot by Christian Dvorak.
15:24 of 2nd period - Stopped by Philipp Grubauer without a rebound.
15:25 of 2nd period - Jeff Carter wins face-off versus Kyle Connor in Rangers zone.
15:26 of 2nd period - Snap shot by Jonathan Drouin.
15:26 of 2nd period - Stopped by Philipp Grubauer without a rebound.
15:27 of 2nd period - Nazem Kadri wins face-off versus Jeff Carter in Rangers zone.
15:42 of 2nd period - Snap shot by Kyle Connor.
15:42 of 2nd period - Shot Misses the Net.
15:44 of 2nd period - Minor Penalty to Jonathan Drouin for Tripping.
15:45 of 2nd period - Matt Duchene wins face-off versus Anthony Cirelli in Blues zone.
17:44 of 2nd period - Penalty to Jonathan Drouin is over, Jonathan Drouin is back on ice.
Goals for this period are 0 for Blues vs 3 for Rangers.
Shots for this period are 8 for Blues vs 14 for Rangers.

3rd period


0:01 of 3rd period - Nazem Kadri wins face-off versus Anthony Cirelli in neutral zone.
0:09 of 3rd period - Nazem Kadri beats up Marc-Edouard Vlasic.
0:09 of 3rd period - Penalty to Nazem Kadri for Fighting.
0:09 of 3rd period - Penalty to Marc-Edouard Vlasic for Fighting.
0:09 of 3rd period - Penalty to Nazem Kadri for instigated a fight.
0:09 of 3rd period - Penalty to Nazem Kadri for instigated a fight.
0:10 of 3rd period - Pierre-Edouard Bellemare wins face-off versus Evgeny Kuznetsov in Blues zone.
1:23 of 3rd period - Ron Hainsey is hit by Jeff Carter.
2:09 of 3rd period - Penalty to Nazem Kadri is over, Vinnie Hinostroza is send on ice.
2:20 of 3rd period - Icing by Brayden Schenn.
2:21 of 3rd period - Christian Dvorak wins face-off versus Matt Duchene in Rangers zone.
2:22 of 3rd period - Snap shot by Zach Sanford.
2:22 of 3rd period - Shot Misses the Net.
3:03 of 3rd period - Oskar Sundqvist is hit by Andy Greene and loses puck.
3:23 of 3rd period - Icing by Zach Sanford.
3:24 of 3rd period - Matt Duchene wins face-off versus Christian Dvorak in Blues zone.
3:27 of 3rd period - Slapshot by Kyle Connor.
3:27 of 3rd period - Shot Blocked by Andy Greene.
3:29 of 3rd period - Snap shot by Adam Pelech.
3:29 of 3rd period - Shot Blocked by Sean Walker.
3:31 of 3rd period - Slapshot by Erik Karlsson.
3:31 of 3rd period - Stopped by Brian Elliott without a rebound.
3:32 of 3rd period - Matt Duchene wins face-off versus Anthony Cirelli in Blues zone.
3:35 of 3rd period - Snap shot by Matt Duchene.
3:35 of 3rd period - Stopped by Brian Elliott without a rebound.
3:36 of 3rd period - Anthony Cirelli wins face-off versus Matt Duchene in Blues zone.
3:41 of 3rd period - Justin Faulk is hit by Brayden Schenn and loses puck.
3:50 of 3rd period - Wrist shot by Brayden Schenn.
3:50 of 3rd period - Shot Misses the Net.
3:52 of 3rd period - Wrist shot by Kyle Connor.
3:52 of 3rd period - Stopped by Brian Elliott without a rebound.
3:53 of 3rd period - Jeff Carter wins face-off versus Jason Spezza in Blues zone.
4:22 of 3rd period - Wrist shot by Matt Duchene.
4:22 of 3rd period - Stopped by Brian Elliott with a rebound.
4:45 of 3rd period - Snap shot by Christian Dvorak.
4:45 of 3rd period - Shot Misses the Net.
4:49 of 3rd period - Snap shot by Matt Martin.
4:49 of 3rd period - Stopped by Philipp Grubauer with a rebound.
4:51 of 3rd period - Snap shot by Michael Frolik.
4:51 of 3rd period - Goal by Michael Frolik - Blues : 1 - Rangers : 5.
4:52 of 3rd period - Oskar Sundqvist wins face-off versus Anthony Cirelli in neutral zone.
5:45 of 3rd period - Slapshot by Zach Sanford.
5:45 of 3rd period - Stopped by Philipp Grubauer without a rebound.
5:46 of 3rd period - Matt Duchene wins face-off versus Christian Dvorak in Rangers zone.
6:27 of 3rd period - Snap shot by Kyle Connor.
6:27 of 3rd period - Stopped by Brian Elliott with a rebound.
6:50 of 3rd period - Snap shot by Christian Dvorak.
6:50 of 3rd period - Stopped by Philipp Grubauer with a rebound.
6:52 of 3rd period - Wrist shot by Christian Dvorak.
6:52 of 3rd period - Deflect By Brayden Schenn.
6:52 of 3rd period - Blues goal is going for a video replay.
6:52 of 3rd period - The goal is refused. The goalkeeper has been pushed into the net together with the puck after making a save..
6:53 of 3rd period - Anthony Cirelli wins face-off versus Jason Spezza in Rangers zone.
7:26 of 3rd period - Snap shot by Jack Roslovic.
7:26 of 3rd period - Stopped by Brian Elliott with a rebound.
7:39 of 3rd period - Icing by Marc-Edouard Vlasic.
7:40 of 3rd period - Pierre-Edouard Bellemare wins face-off versus Anthony Cirelli in Blues zone.
7:43 of 3rd period - Slapshot by Eric Staal.
7:43 of 3rd period - Shot Misses the Net.
8:03 of 3rd period - Backhand shot by Jeff Carter.
8:03 of 3rd period - Shot Misses the Net.
8:06 of 3rd period - Icing by Oskar Sundqvist.
8:07 of 3rd period - Jeff Carter wins face-off versus Jason Spezza in Rangers zone.
8:20 of 3rd period - Wrist shot by Jason Spezza.
8:20 of 3rd period - Shot Misses the Net.
8:22 of 3rd period - Slapshot by Adam Pelech.
8:22 of 3rd period - Deflect By Jeff Carter.
8:22 of 3rd period - Stopped by Brian Elliott with a rebound.
8:24 of 3rd period - Slapshot by Adam Pelech.
8:24 of 3rd period - Shot Blocked by Justin Faulk.
8:26 of 3rd period - Wrist shot by Chandler Stephenson.
8:26 of 3rd period - Shot Misses the Net.
8:28 of 3rd period - Slapshot by Erik Karlsson.
8:28 of 3rd period - Goal by Erik Karlsson - Blues : 1 - Rangers : 6.
8:29 of 3rd period - Matt Duchene wins face-off versus Anthony Cirelli in neutral zone.
9:19 of 3rd period - Off-side.
9:20 of 3rd period - Curtis Lazar wins face-off versus Chandler Stephenson in neutral zone.
9:27 of 3rd period - Wrist shot by Zach Sanford.
9:27 of 3rd period - Shot Misses the Net.
9:29 of 3rd period - Snap shot by Curtis Lazar.
9:29 of 3rd period - Shot Misses the Net.
10:44 of 3rd period - Wrist shot by Chandler Stephenson.
10:44 of 3rd period - Shot Misses the Net.
10:46 of 3rd period - Slapshot by Nick Jensen.
10:46 of 3rd period - Shot Misses the Net.
10:48 of 3rd period - Snap shot by Eric Staal.
10:48 of 3rd period - Shot Misses the Net.
10:50 of 3rd period - Slapshot by Eric Staal.
10:50 of 3rd period - Deflect By Justin Williams.
10:50 of 3rd period - Shot Blocked by MacKenzie Weegar.
10:50 of 3rd period - Puck is out of play.
10:51 of 3rd period - Matt Duchene wins face-off versus Jeff Carter in Blues zone.
10:52 of 3rd period - Slapshot by Eric Staal.
10:52 of 3rd period - Deflect By Jonathan Drouin.
10:52 of 3rd period - Stopped by Brian Elliott with a rebound.
10:54 of 3rd period - Slapshot by Ron Hainsey.
10:54 of 3rd period - Stopped by Brian Elliott with a rebound.
10:56 of 3rd period - Snap shot by Matt Niskanen.
10:56 of 3rd period - Stopped by Brian Elliott without a rebound.
10:57 of 3rd period - Matt Duchene wins face-off versus Jeff Carter in Blues zone.
11:10 of 3rd period - Wrist shot by Justin Williams.
11:10 of 3rd period - Stopped by Brian Elliott with a rebound.
11:12 of 3rd period - Slapshot by Ron Hainsey.
11:12 of 3rd period - Stopped by Brian Elliott without a rebound.
11:13 of 3rd period - Matt Duchene wins face-off versus Anthony Cirelli in Blues zone.
11:24 of 3rd period - Brayden Schenn is hit by Evander Kane and loses puck.
11:39 of 3rd period - Chandler Stephenson is hit by Jonathan Drouin and loses puck.
11:48 of 3rd period - Slapshot by Adam Pelech.
11:48 of 3rd period - Stopped by Brian Elliott with a rebound.
12:37 of 3rd period - Sean Walker is hit by Jack Roslovic.
13:12 of 3rd period - Wrist shot by Christian Dvorak.
13:12 of 3rd period - Shot Misses the Net.
13:14 of 3rd period - Slapshot by Justin Faulk.
13:14 of 3rd period - Stopped by Philipp Grubauer with a rebound.
13:16 of 3rd period - Wrist shot by Christian Dvorak.
13:16 of 3rd period - Stopped by Philipp Grubauer with a rebound.
13:54 of 3rd period - Morgan Rielly is hit by Brayden Schenn and loses puck.
14:08 of 3rd period - Icing by Zach Sanford.
14:09 of 3rd period - Pierre-Edouard Bellemare wins face-off versus Christian Dvorak in Blues zone.
14:10 of 3rd period - Backhand shot by Vinnie Hinostroza.
14:10 of 3rd period - Deflect By Curtis Lazar.
14:10 of 3rd period - Shot Blocked by Curtis Lazar.
14:10 of 3rd period - Puck is out of play.
14:11 of 3rd period - Jack Roslovic wins face-off versus Evander Kane in Blues zone.
14:12 of 3rd period - Snap shot by Vinnie Hinostroza.
14:12 of 3rd period - Shot Misses the Net.
14:14 of 3rd period - Slapshot by Nick Jensen.
14:14 of 3rd period - Deflect By Anthony Cirelli.
14:14 of 3rd period - Stopped by Brian Elliott with a rebound.
15:09 of 3rd period - 10 Minutes Misconduct Penalty to Nazem Kadri is over.
15:14 of 3rd period - Off-side.
15:15 of 3rd period - Nazem Kadri wins face-off versus Christian Dvorak in neutral zone.
15:22 of 3rd period - Slapshot by Brayden Schenn.
15:22 of 3rd period - Stopped by Brian Elliott without a rebound.
15:23 of 3rd period - Matt Duchene wins face-off versus Evgeny Kuznetsov in Blues zone.
15:38 of 3rd period - Slapshot by Evgeny Kuznetsov.
15:38 of 3rd period - Shot Misses the Net.
15:40 of 3rd period - Wrist shot by Evander Kane.
15:40 of 3rd period - Shot Misses the Net.
16:14 of 3rd period - Erik Karlsson is hit by Sean Walker and loses puck.
16:42 of 3rd period - Chandler Stephenson is hit by Evgeny Kuznetsov and loses puck.
17:03 of 3rd period - Off-side.
17:04 of 3rd period - Matt Duchene wins face-off versus Christian Dvorak in neutral zone.
17:51 of 3rd period - Off-side.
17:52 of 3rd period - Pierre-Edouard Bellemare wins face-off versus Jeff Carter in neutral zone.
17:55 of 3rd period - Slapshot by Nick Jensen.
17:55 of 3rd period - Stopped by Brian Elliott with a rebound.
17:57 of 3rd period - Wrist shot by Vinnie Hinostroza.
17:57 of 3rd period - Goal by Vinnie Hinostroza - Blues : 1 - Rangers : 7.
17:58 of 3rd period - Anthony Cirelli wins face-off versus Matt Duchene in neutral zone.
18:23 of 3rd period - Nazem Kadri is hit by Morgan Rielly and loses puck.
19:15 of 3rd period - Icing by Pierre-Edouard Bellemare.
19:16 of 3rd period - Anthony Cirelli wins face-off versus Pierre-Edouard Bellemare in Rangers zone.
19:19 of 3rd period - Slapshot by Evander Kane.
19:19 of 3rd period - Stopped by Philipp Grubauer without a rebound.
19:20 of 3rd period - Matt Duchene wins face-off versus Evgeny Kuznetsov in Rangers zone.
19:20 of 3rd period - Matt Duchene is hit by Evgeny Kuznetsov.
19:52 of 3rd period - Snap shot by Christian Dvorak.
19:52 of 3rd period - Stopped by Philipp Grubauer with a rebound.
19:54 of 3rd period - Slapshot by Andy Greene.
19:54 of 3rd period - Stopped by Philipp Grubauer with a rebound.
19:56 of 3rd period - Wrist shot by Christian Dvorak.
19:56 of 3rd period - Stopped by Philipp Grubauer with a rebound.
Goals for this period are 1 for Blues vs 2 for Rangers.
Shots for this period are 11 for Blues vs 18 for Rangers.